 Dungeon Crawl Stone Soup version 0.29.0-4-gdea44cf6ec (webtiles) character file.

Game seed: 9605918849379342811

998 qw the Chopper (level 8, 0/75 HPs)
             Began as a Gargoyle Berserker on Sept 6, 2022.
             Was a Priest of Trog.
             Slain by an iguana (2 damage)
             ... on level 6 of the Dungeon.
             The game lasted 00:02:11 (5329 turns).

qw the Chopper (Gargoyle Berserker)                 Turns: 5329, Time: 00:02:12

Health: 0/75       AC: 18    Str: 22    XL:     8   Next: 19%
Magic:  0/8        EV:  7    Int:  9    God:    Trog [***...]
Gold:   136        SH:  4    Dex:  9    Spells: 7/7 levels left

rFire   . . .      SeeInvis .   Y - +0 hand axe (freeze)
rCold   . . .      Faith    .   h - +0 buckler
rNeg    + . .      Spirit   +   b - +0 chain mail
rPois   inf        Reflect  .   e - +0 helmet
rElec   +          Harm     .   (no cloak)
rCorr   .          Rampage  .   d - +1 pair of gloves
Will    .....                   (no boots)
Stlth   ..........              k - amulet of guardian spirit
HPRegen 0.22/turn               (no ring)
MPRegen 0.11/turn               (no ring)

@: berserking, very quick
A: sickness immunity, AC +5, negative energy resistance 1, electricity
resistance, torment resistance 1, petrification resistance
a: Renounce Religion, Berserk, Trog's Hand


You were on level 6 of the Dungeon.
You worshipped Trog.
Trog was most pleased with you.
You visited 1 branch of the dungeon, and saw 6 of its levels.

You collected 235 gold pieces.
You spent 99 gold pieces at shops.


Innate Abilities, Weirdness & Mutations

You are immune to sickness and miasma.
Your stone body is resilient. (AC +5)
You are immune to poison.
You resist negative energy. (rN+)
You are resistant to electric shocks. (rElec)
You are resistant to unholy torment.
You are immune to petrification.


   Skills:
 - Level 5.5 Fighting
 + Level 7.0 Axes
 - Level 3.5 Armour
 - Level 1.5 Dodging
 - Level 3.5 Shields


You had 7 spell levels left.
You didn't know any spells.
Your spell library was empty.

Inventory:

Hand Weapons
 o - the +7 flail of Ubeeraev {vorpal, Drain rPois Dex+7}
   (You found it on level 3 of the Dungeon)

   It inflicts extra damage upon your enemies.
   Dex:       It affects your dexterity (+7).
   rPois:     It protects you from poison.
   Drain:     It drains your maximum health when unequipped.
 Y - a +0 hand axe of freezing (weapon)
Armour
 b - a +0 chain mail (worn)
 d - a +1 pair of gloves (worn)
 e - a +0 helmet (worn)
 h - a +0 buckler (worn)
Jewellery
 k - an amulet of guardian spirit (around neck)
Scrolls
 c - 2 scrolls of identify
 p - 2 scrolls of teleportation
Potions
 a - 3 potions of curing
 f - a potion of berserk rage {unknown}
 g - a potion of heal wounds
 i - 4 potions of haste
 q - 2 potions of attraction {unknown}

Dungeon Overview and Level Annotations

Branches:
Dungeon (6/15)             Temple (0/1) D:5

Altars:
Dithmenos
Hepliaklqana
Trog
Uskayaw
Yredelemnul
Zin
The Shining One

Shops:
D:5 [


Message History

The hound bites you but does no damage.
You hit the phantom.
The phantom is almost destroyed.
You barely miss the hound. You hit the wight.
The wight hits you but does no damage. x2
The phantom hits you but does no damage.
The hound closely misses you.
You hit the phantom.
You destroy the phantom!
Trog accepts your kill.
You hit the wight but do no damage. You barely miss the wight.
You hit the hound. You freeze the hound. The wight hits you but does no damage.
The hound bites you but does no damage. The wight hits you with a +3 scimitar.
You block the wight's attack.
Your Shields skill increases to level 3!
You hit the hound but do no damage.
The hound is severely wounded.
You hit the iguana but do no damage. You hit the wight but do no damage. x2
You hit the wight. The hound bites you but does no damage.
You block the wight's attack. The wight hits you but does no damage.
The wight barely misses you.
The wight hits you with a +3 great sword.
The iguana bites you! You block the hound's attack.
5328 ||| INVOKING Berserk.
A red film seems to cover your vision as you go berserk!
You feel yourself moving faster!
You feel mighty! The wight hits you with a +0 mace.
You block the wight's attack.
The wight hits you with a +3 great sword!
The wight hits you with a +3 scimitar. The iguana bites you.
The hound closely misses you.
You barely miss the hound.
The hound is severely wounded.
You hit the iguana. You freeze the iguana. You hit the wight.
You hit the wight but do no damage. You slash the wight!
The hound bites you but does no damage. You block the wight's attack.
The wight hits you from afar with a +1 halberd.
The wight hits you but does no damage.
The wight hits you with a +3 great sword!
The iguana bites you.
You die...

#.............
#...........?.
#.........!...
#.............
#.............
#......>......
#....z........
#..zhl........
#...@z........
####.z####.##.
#..## #.#
#.... #.# #
#.##.##.# #.
#..#.#..#
##.#######
#.##.#.#.##
#.....<..#
#........#
...#......#
####.#..<#####


You could see an iguana, a hound and 4 wights.

Vanquished Creatures
  A steam dragon (D:6)
  2 ogres (D:5)
  A centaur (D:5)
  A phantom (D:6)
  A kobold brigand (D:5)
  2 necrophages (D:4)
  A scorpion (D:5)
  A gnoll bouda (D:5)
  An iguana (D:5)
  Terence (D:3)
  An orc wizard (D:4)
  Robin (D:2)
  5 gnolls (D:5)
  3 adders
  A worm (D:3)
  3 dart slugs
  4 orcs
  6 endoplasms
  3 giant cockroaches
  14 goblins
  10 hobgoblins
  27 kobolds
  A quokka (D:3)
  8 ball pythons
  9 bats
  4 frilled lizards
  5 rats (D:1)
117 creatures vanquished.

Vanquished Creatures (others)
  30 plants (D:5)
30 creatures vanquished.

Grand Total: 147 creatures vanquished

Notes
Turn   | Place    | Note
-------+----------+-------------------------------------------
     0 | D:1      | qw the Gargoyle Berserker began the quest for the Orb.
     0 | D:1      | Reached XP level 1. HP: 14/14 MP: 1/1
     0 | D:1      | 0 ||| qw: Version: 0.1-a-108-g9e35731
     0 | D:1      | 0 ||| qw: Game counter: 6403
     0 | D:1      | 0 ||| qw: Always use a shield: true
     0 | D:1      | 0 ||| qw: Do Orc after D:15 true
     0 | D:1      | 0 ||| qw: Do second Lair branch before Depths: true
     0 | D:1      | 0 ||| qw: Lair rune preference: random
     0 | D:1      | 0 ||| qw: Plans: Normal
     0 | D:1      | 0 ||| PLANNING D:1-11
    42 | D:1      | 42 ||| Stepping ~*~*~tactically~*~*~ (stealth).
    43 | D:1      | 43 ||| Stepping ~*~*~tactically~*~*~ (stealth).
    58 | D:1      | 58 ||| INVOKING Berserk.
    60 | D:1      | Reached skill level 3 in Axes
   297 | D:1      | Reached XP level 2. HP: 19/19 MP: 2/2
  1137 | D:1      | 1137 ||| UPGRADING to +0 helmet.
  1142 | D:1      | 1142 ||| UPGRADING to +0 scale mail.
  1152 | D:1      | 1152 ||| DROPPING +0 animal skin.
  1153 | D:1      | 1153 ||| READING scroll labelled RUUFRO ISTRU.
  1154 | D:1      | 1154 ||| READING scroll labelled HISYOC TUTAKON.
  1155 | D:1      | 1155 ||| READING scroll labelled RAUVAUVVAK.
  1183 | D:2      | 1183 ||| Stepping ~*~*~tactically~*~*~ (stealth).
  1268 | D:2      | 1268 ||| Stepping ~*~*~tactically~*~*~ (hiding).
  1269 | D:2      | 1269 ||| Stepping ~*~*~tactically~*~*~ (hiding).
  1282 | D:2      | Reached XP level 3. HP: 23/23 MP: 3/3
  1419 | D:2      | 1419 ||| Stepping ~*~*~tactically~*~*~ (stealth).
  1433 | D:2      | 1433 ||| Stepping ~*~*~tactically~*~*~ (stealth).
  1434 | D:2      | 1434 ||| Stepping ~*~*~tactically~*~*~ (stealth).
  1494 | D:2      | Noticed Robin
  1501 | D:2      | Reached skill level 4 in Axes
  1507 | D:2      | Reached ** piety under Trog
  1508 | D:2      | 1508 ||| INVOKING Berserk.
  1513 | D:2      | Killed Robin
  1520 | D:2      | Reached XP level 4. HP: 22/28 MP: 4/4
  1700 | D:2      | Identified the +1 leather armour "Heschiq" {rPois Regen+}
  2030 | D:2      | 2030 ||| DROPPING +1 leather armour "Heschiq" {rPois
                  | Regen+}.
  2031 | D:2      | 2031 ||| DROPPING amulet of faith.
  2032 | D:2      | 2032 ||| UPGRADING to amulet of guardian spirit.
  2037 | D:2      | 2037 ||| READING scroll labelled XEUGANINTEU.
  2180 | D:3      | Noticed Terence
  2186 | D:3      | 2186 ||| INVOKING Berserk.
  2195 | D:3      | Killed Terence
  2571 | D:3      | Found a faded altar of an unknown god.
  2698 | D:3      | Found a basalt altar of Yredelemnul.
  2710 | D:3      | Found a bloodstained altar of Trog.
  2711 | D:3      | Found a glowing silver altar of Zin.
  2711 | D:3      | Found a hazy altar of Hepliaklqana.
  2711 | D:3      | Found a glowing golden altar of the Shining One.
  2715 | D:3      | Identified the +7 flail of Ubeeraev {vorpal, Drain rPois
                  | Dex+7}
  2717 | D:3      | 2717 ||| DROPPING +0 whip.
  2881 | D:3      | 2881 ||| UPGRADING to +0 chain mail.
  2891 | D:3      | 2891 ||| UPGRADING to +0 pair of gloves.
  2896 | D:3      | 2896 ||| DROPPING +0 scale mail.
  2897 | D:3      | 2897 ||| READING scroll labelled QOHA HOARICAAMOV.
  2898 | D:3      | 2898 ||| READING scroll labelled CILEOBR DISASCH.
  2899 | D:3      | 2899 ||| DRINKING 3 puce potions.
  2900 | D:3      | 2900 ||| DRINKING 2 fizzy ruby potions.
  2901 | D:3      | 2901 ||| READING 4 scrolls of identify.
  2901 | D:3      | 2901 ||| IDENTIFYING fizzy red potion
  2902 | D:3      | 2902 ||| READING 3 scrolls of identify.
  2902 | D:3      | 2902 ||| IDENTIFYING green potion
  2903 | D:3      | 2903 ||| READING 2 scrolls of identify.
  2903 | D:3      | 2903 ||| IDENTIFYING amethyst potion
  2904 | D:3      | 2904 ||| DROPPING potion of flight.
  2905 | D:3      | 2905 ||| DROPPING potion of brilliance.
  2906 | D:3      | 2906 ||| DROPPING potion of degeneration.
  2973 | D:4      | Reached skill level 5 in Axes
  3021 | D:4      | 3021 ||| Stepping ~*~*~tactically~*~*~ (stealth).
  3022 | D:4      | 3022 ||| Stepping ~*~*~tactically~*~*~ (stealth).
  3032 | D:4      | Reached XP level 5. HP: 32/32 MP: 5/5
  3198 | D:4      | Found a shadowy altar of Dithmenos.
  3280 | D:4      | 3280 ||| INVOKING Berserk.
  3453 | D:4      | 3453 ||| Stepping ~*~*~tactically~*~*~ (stealth).
  3474 | D:4      | Reached skill level 3 in Armour
  3474 | D:4      | Reached XP level 6. HP: 24/38 MP: 6/6
  3646 | D:4      | 3646 ||| Stepping ~*~*~tactically~*~*~ (hiding).
  3867 | D:4      | 3867 ||| DROPPING amulet of magic regeneration.
  3868 | D:4      | 3868 ||| READING 2 scrolls labelled QOHI FURAKK.
  3869 | D:4      | 3869 ||| READING scroll of enchant armour.
  3869 | D:4      | 3869 ||| ENCHANTING +0 pair of gloves.
  3870 | D:4      | 3870 ||| READING scroll labelled TULEUMA SUWIP.
  3881 | D:5      | Entered Level 5 of the Dungeon
  3939 | D:5      | Reached skill level 6 in Axes
  3953 | D:5      | 3953 ||| Stepping ~*~*~tactically~*~*~ (stealth).
  4055 | D:5      | 4055 ||| Stepping ~*~*~tactically~*~*~ (hiding).
  4065 | D:5      | 4065 ||| INVOKING Berserk.
  4074 | D:5      | Reached XP level 7. HP: 43/43 MP: 5/7
  4081 | D:5      | Reached *** piety under Trog
  4196 | D:5      | 4196 ||| INVOKING Berserk.
  4348 | D:5      | Found a staircase to the Ecumenical Temple.
  4362 | D:5      | 4362 ||| Stepping ~*~*~tactically~*~*~ (stealth).
  4367 | D:5      | 4367 ||| Stepping ~*~*~tactically~*~*~ (stealth).
  4375 | D:5      | Reached skill level 7 in Axes
  4381 | D:5      | 4381 ||| Stepping ~*~*~tactically~*~*~ (stealth).
  4383 | D:5      | 4383 ||| Stepping ~*~*~tactically~*~*~ (stealth).
  4392 | D:5      | 4392 ||| Stepping ~*~*~tactically~*~*~ (stealth).
  4433 | D:5      | 4433 ||| Stepping ~*~*~tactically~*~*~ (stealth).
  4552 | D:5      | Found Uchol's Antique Armour Emporium.
  4561 | D:5      | 4561 ||| BUYING buckler (99 gold).
  4561 | D:5      | Bought a buckler for 99 gold pieces
  4561 | D:5      | 4561 ||| SHOPLISTING distressingly furry scale mail (198
                  | gold, have 91).
  4561 | D:5      | 4561 ||| SHOPLISTING plate armour (506 gold, have 91).
  4570 | D:5      | 4570 ||| INVOKING Berserk.
  4732 | D:5      | Found a hide-covered altar of Uskayaw.
  5015 | D:5      | Identified the +6 trident of Untruth {spect, Str+4 Int+3}
  5094 | D:5      | 5094 ||| UPGRADING to +0 buckler.
  5099 | D:5      | 5099 ||| READING scroll labelled XEL HORHIU.
  5100 | D:5      | 5100 ||| READING scroll labelled WIGOID XEMER.
  5147 | D:6      | Noticed a steam dragon
  5150 | D:6      | 5150 ||| INVOKING Berserk.
  5154 | D:6      | Killed a steam dragon
  5155 | D:6      | Reached XP level 8. HP: 50/50 MP: 5/8
  5327 | D:6      | Reached skill level 3 in Shields
  5328 | D:6      | 5328 ||| INVOKING Berserk.
  5328 | D:6      | HP: 17/75 [wight/+3 scimitar (3)]
  5329 | D:6      | HP: 2/75 [wight/+3 great sword (11)]
  5329 | D:6      | Slain by an iguana

Levels and vault maps discovered:
D:1:      ncdulo_watergridlock, layout_basic, nicolae_eternal_life
D:2:      layout_basic, uniq_robin
D:3:      layout_loops_ring, grunt_temple_overflow_open,
          shapermc_ecumenical_altar_hornbeckon, uniq_terence
D:4:      layout_cave_pools, mainiacjoe_overflow_24_doors, minmay_box_of_dots
D:5:      kennysheep_kobold_camp, layout_gridville,
          mainiacjoe_overflow_boulevard, temple_pool_b, serial_shops, shop,
          nrook_mini_backslash, minmay_strange_pillars
D:6:      layout_rooms, nicolae_vehumet_radiance, serial_curves, eino_curves_02,
          eino_curves_04, kennysheep_generic_room_16

Skill      XL: |  1  2  3  4  5  6  7  8 |
---------------+-------------------------+-----
Axes           | 3 4 5 6 7 |  7.0
Fighting       | 4 5 |  5.5
Armour         | 3 |  3.5
Shields        | 2 3 |  3.5
Dodging        | |  1.5

Action                   |  1- 3 |  4- 6 |  7- 9 || total
-------------------------+-------+-------+-------++-------
Melee: Hand axe          |   114 |   195 |   116 ||   425
       Punch             |     1 |     1 |     1 ||     3
Invok: Berserk           |     2 |     3 |     4 ||     9
  Use: Scroll            |     3 |     9 |     2 ||    14
       Potion            |       |     2 |       ||     2
Armor: Animal skin       |    27 |       |       ||    27
       Scale mail        |    16 |    33 |       ||    49
       Chain mail        |       |    83 |    70 ||   153
Dodge: Dodged            |    60 |    77 |    34 ||   171
Block: Buckler           |       |       |    13 ||    13

Table legend:
 A = Non-vault XP
 B = Vault XP
 C = Vault XP percentage of total XP
 D = Non-vault monster count
 E = Vault monster count
 F = Vault count percentage of total count
                 A         B        C        D         E       F
            +---------+---------+-------+---------+---------+-------
      Total |    1140 |     287 |  20.1 |      80 |      37 |  31.6
            +---------+---------+-------+---------+---------+-------
        D:1 |      28 |       0 |   0.0 |      19 |       0 |   0.0
        D:2 |      31 |      34 |  52.3 |      15 |      12 |  44.4
        D:3 |      23 |      36 |  61.0 |      11 |       1 |   8.3
        D:4 |     177 |      91 |  34.0 |      19 |       3 |  13.6
        D:5 |     593 |     126 |  17.5 |      14 |      21 |  60.0
        D:6 |     288 |       0 |   0.0 |       2 |       0 |   0.0
            +---------+---------+-------+---------+---------+-------
